[ PARTIDA AOE2 · #495483958 ]
UnrankedVietnamitas vs Cumans
Equipo del jugador · DERR
Equipo rival · VICT
[ ANÁLISIS DE REPETICIÓN · EXTRAÍDO DE LA PARTIDA GRABADA ]
Feudal
14:22
Castillos
19:27
Imperial
—
| APM promedio | 48.3 |
| APM pico | 79 |
| eAPM promedio | 22.3 |
| Aldeanos / militares | 67 / 36 |
Foco
⚔️ 34.6% · 🌾 65.4%
Cavalry Archer ×20 · Archer ×7 · Monk ×3 · Spearman ×3 · Skirmisher ×2 · Knight ×1
Feudal
11:41
Castillos
24:02
Imperial
—
| APM promedio | 57.5 |
| APM pico | 101 |
| eAPM promedio | 20.6 |
| Aldeanos / militares | 72 / 46 |
Foco
⚔️ 33.3% · 🌾 66.7%
Knight ×21 · Scout Cavalry ×15 · Archer ×6 · Battering Ram ×4
Mapa de la partida
Recursos iniciales + cada clic de construcción. Líneas = muros · curvas = relieve. ◆ oro · ⬟ piedra · ● bayas · ✦ reliquia · ◌ hueco del cierre
Tu base· Abierta — flanco sin cerrar
Base de Moneimon· Abierta — flanco sin cerrar
Terreno inicial suavizado · ◌ = hueco del cierre detectado · pasá el cursor para detalles
Inputs por minuto
— Hansdampf - - Moneimon
Build order — Hansdampf
Primeras 150 de 186 acciones detectadas
| 0:37 | Construir | Town Center |
| 0:57 | Construir | House |
| 2:31 | Crear | Villager (Male) |
| 2:31 | Crear | Villager (Male) |
| 2:35 | Crear | Villager (Male) |
| 2:36 | Crear | Villager (Male) |
| 3:47 | Crear | Villager (Male) |
| 4:05 | Crear | Villager (Male) |
| 4:13 | Construir | House |
| 4:18 | Construir | House |
| 4:42 | Crear | Villager (Male) |
| 4:48 | Construir | House |
| 5:17 | Crear | Villager (Male) |
| 5:18 | Crear | Villager (Male) |
| 5:52 | Crear | Villager (Male) |
| 6:31 | Crear | Villager (Male) |
| 6:46 | Crear | Villager (Male) |
| 6:46 | Crear | Villager (Male) |
| 7:00 | Crear | Villager (Male) |
| 7:58 | Crear | Villager (Male) |
| 8:02 | Construir | Mill |
| 8:12 | Crear | Villager (Male) |
| 8:34 | Construir | House |
| 8:58 | Crear | Villager (Male) |
| 9:13 | Crear | Villager (Male) |
| 9:32 | Crear | Villager (Male) |
| 10:13 | Crear | Villager (Male) |
| 10:14 | Investigar | Loom |
| 10:51 | Crear | Villager (Male) |
| 11:10 | Crear | Villager (Male) |
| 11:14 | Crear | Villager (Male) |
| 11:42 | Crear | Villager (Male) |
| 11:48 | Construir | Mining Camp |
| 12:12 | Investigar | Feudal Age |
| 12:29 | Construir | Barracks |
| 13:11 | Construir | Lumber Camp |
| 13:38 | Crear | Villager (Male) |
| 14:21 | Construir | House |
| 14:22 | Edad | Edad Feudal |
| 14:33 | Construir | Palisade Wall |
| 14:36 | Crear | Spearman |
| 14:37 | Construir | Palisade Wall |
| 14:39 | Construir | Palisade Wall |
| 14:39 | Construir | Palisade Wall |
| 14:41 | Construir | House |
| 14:52 | Crear | Villager (Male) |
| 14:55 | Crear | Villager (Male) |
| 14:59 | Crear | Spearman |
| 15:10 | Crear | Villager (Male) |
| 15:12 | Construir | Watch Tower |
| 15:14 | Crear | Villager (Male) |
| 15:16 | Crear | Spearman |
| 15:20 | Construir | Archery Range |
| 15:27 | Construir | Palisade Wall |
| 15:28 | Construir | Palisade Wall |
| 15:31 | Construir | Palisade Wall |
| 15:34 | Construir | Palisade Wall |
| 15:38 | Construir | Palisade Wall |
| 15:43 | Crear | Villager (Male) |
| 15:46 | Construir | Blacksmith |
| 15:49 | Construir | Palisade Wall |
| 15:52 | Construir | Palisade Wall |
| 15:54 | Construir | Palisade Wall |
| 15:55 | Construir | Palisade Wall |
| 16:01 | Construir | Palisade Wall |
| 16:02 | Construir | Palisade Wall |
| 16:14 | Construir | Palisade Wall |
| 16:14 | Construir | Palisade Wall |
| 16:15 | Construir | Palisade Wall |
| 16:18 | Construir | House |
| 16:47 | Investigar | Castle Age |
| 16:52 | Crear | Skirmisher |
| 17:10 | Crear | Skirmisher |
| 17:38 | Crear | Villager (Male) |
| 17:44 | Construir | Farm |
| 17:47 | Construir | Farm |
| 17:51 | Investigar | Fletching |
| 18:14 | Crear | Archer |
| 18:31 | Crear | Archer |
| 18:48 | Construir | Market |
| 18:51 | Construir | Market |
| 19:07 | Crear | Archer |
| 19:27 | Edad | Edad de los Castillos |
| 19:46 | Crear | Archer |
| 19:47 | Crear | Villager (Male) |
| 20:11 | Construir | Town Center |
| 20:30 | Crear | Archer |
| 20:30 | Crear | Archer |
| 20:32 | Construir | Farm |
| 20:46 | Crear | Villager (Male) |
| 21:28 | Crear | Archer |
| 21:33 | Construir | Mill |
| 21:41 | Crear | Villager (Male) |
| 21:47 | Construir | House |
| 22:01 | Construir | Farm |
| 22:05 | Crear | Villager (Male) |
| 22:32 | Crear | Villager (Male) |
| 22:32 | Crear | Villager (Male) |
| 23:18 | Crear | Villager (Male) |
| 23:31 | Crear | Cavalry Archer |
| 23:31 | Crear | Cavalry Archer |
| 23:41 | Investigar | Double-Bit Axe |
| 23:49 | Construir | Archery Range |
| 23:54 | Construir | Farm |
| 23:55 | Construir | Farm |
| 23:55 | Construir | Farm |
| 23:58 | Construir | Farm |
| 23:58 | Construir | Farm |
| 24:03 | Crear | Villager (Male) |
| 24:17 | Crear | Villager (Male) |
| 24:27 | Crear | Villager (Male) |
| 24:27 | Crear | Villager (Male) |
| 24:39 | Crear | Cavalry Archer |
| 24:40 | Crear | Cavalry Archer |
| 24:48 | Construir | Monastery |
| 24:52 | Crear | Villager (Male) |
| 24:55 | Construir | Farm |
| 24:57 | Construir | Farm |
| 25:02 | Crear | Cavalry Archer |
| 25:25 | Investigar | Bodkin Arrow |
| 25:44 | Crear | Villager (Male) |
| 25:47 | Crear | Villager (Male) |
| 25:52 | Crear | Villager (Male) |
| 25:54 | Crear | Monk |
| 25:59 | Crear | Villager (Male) |
| 26:13 | Construir | House |
| 26:16 | Construir | Farm |
| 26:18 | Crear | Cavalry Archer |
| 26:22 | Crear | Villager (Male) |
| 26:23 | Crear | Villager (Male) |
| 26:25 | Construir | House |
| 26:33 | Crear | Cavalry Archer |
| 26:38 | Construir | University |
| 26:52 | Crear | Villager (Male) |
| 26:55 | Crear | Cavalry Archer |
| 27:04 | Crear | Villager (Male) |
| 27:09 | Construir | House |
| 27:12 | Crear | Cavalry Archer |
| 27:24 | Crear | Cavalry Archer |
| 27:50 | Construir | Stable |
| 27:51 | Crear | Villager (Male) |
| 27:51 | Crear | Villager (Male) |
| 27:56 | Construir | House |
| 28:05 | Crear | Villager (Male) |
| 28:05 | Crear | Villager (Male) |
| 28:09 | Crear | Villager (Male) |
| 28:25 | Crear | Knight |
| 28:39 | Crear | Villager (Male) |
| 28:47 | Crear | Cavalry Archer |
| 28:47 | Crear | Cavalry Archer |
Build order — Moneimon
Primeras 150 de 209 acciones detectadas
| 0:24 | Construir | Town Center |
| 1:29 | Construir | House |
| 2:21 | Crear | Villager (Male) |
| 2:21 | Crear | Villager (Male) |
| 2:22 | Crear | Villager (Male) |
| 2:22 | Crear | Villager (Male) |
| 2:47 | Construir | Mill |
| 3:31 | Construir | Palisade Wall |
| 3:39 | Investigar | Loom |
| 3:50 | Construir | House |
| 4:08 | Crear | Villager (Male) |
| 4:08 | Crear | Villager (Male) |
| 4:37 | Crear | Villager (Male) |
| 4:42 | Construir | House |
| 5:03 | Crear | Villager (Male) |
| 5:22 | Crear | Villager (Male) |
| 5:58 | Crear | Villager (Male) |
| 5:58 | Crear | Villager (Male) |
| 6:25 | Crear | Villager (Male) |
| 6:38 | Crear | Villager (Male) |
| 6:51 | Construir | House |
| 7:20 | Investigar | Loom |
| 7:50 | Construir | Lumber Camp |
| 8:04 | Crear | Villager (Male) |
| 8:25 | Crear | Villager (Male) |
| 8:51 | Crear | Villager (Male) |
| 9:28 | Construir | Farm |
| 9:31 | Investigar | Feudal Age |
| 10:15 | Construir | Barracks |
| 10:18 | Construir | Palisade Wall |
| 10:26 | Construir | House |
| 11:02 | Construir | Farm |
| 11:15 | Crear | Villager (Male) |
| 11:41 | Edad | Edad Feudal |
| 11:44 | Construir | Stable |
| 11:46 | Investigar | Double-Bit Axe |
| 11:48 | Crear | Villager (Male) |
| 12:06 | Construir | Archery Range |
| 12:10 | Construir | House |
| 12:14 | Crear | Villager (Male) |
| 12:20 | Construir | Farm |
| 12:31 | Crear | Scout Cavalry |
| 12:42 | Crear | Villager (Male) |
| 12:45 | Construir | Farm |
| 12:46 | Crear | Villager (Male) |
| 12:51 | Crear | Scout Cavalry |
| 12:52 | Crear | Villager (Male) |
| 13:03 | Construir | House |
| 13:08 | Crear | Archer |
| 13:13 | Construir | House |
| 13:27 | Crear | Scout Cavalry |
| 13:49 | Crear | Archer |
| 13:53 | Crear | Villager (Male) |
| 13:56 | Construir | Farm |
| 13:57 | Construir | Farm |
| 14:12 | Crear | Villager (Male) |
| 14:21 | Construir | Farm |
| 14:22 | Construir | Farm |
| 15:22 | Crear | Villager (Male) |
| 15:23 | Crear | Archer |
| 15:26 | Crear | Villager (Male) |
| 16:01 | Crear | Villager (Male) |
| 16:11 | Crear | Villager (Male) |
| 16:14 | Construir | Town Center |
| 16:16 | Crear | Villager (Male) |
| 16:17 | Construir | Blacksmith |
| 16:49 | Crear | Villager (Male) |
| 16:51 | Crear | Villager (Male) |
| 16:55 | Construir | Farm |
| 16:56 | Construir | Farm |
| 17:03 | Investigar | Fletching |
| 17:28 | Crear | Villager (Male) |
| 17:41 | Crear | Villager (Male) |
| 17:44 | Construir | Market |
| 17:48 | Construir | Farm |
| 17:50 | Construir | Farm |
| 18:05 | Construir | House |
| 18:24 | Construir | Farm |
| 18:40 | Crear | Villager (Male) |
| 19:04 | Construir | Farm |
| 19:05 | Construir | House |
| 19:06 | Construir | House |
| 19:15 | Crear | Villager (Male) |
| 19:16 | Crear | Villager (Male) |
| 19:51 | Crear | Villager (Male) |
| 19:54 | Construir | House |
| 20:00 | Crear | Villager (Male) |
| 20:03 | Construir | Farm |
| 20:03 | Construir | House |
| 20:10 | Construir | House |
| 20:17 | Crear | Archer |
| 20:21 | Construir | Farm |
| 20:44 | Construir | Farm |
| 20:45 | Construir | House |
| 20:54 | Crear | Archer |
| 21:22 | Investigar | Castle Age |
| 21:26 | Construir | Farm |
| 21:26 | Construir | House |
| 21:38 | Crear | Villager (Male) |
| 21:38 | Crear | Villager (Male) |
| 21:41 | Crear | Villager (Male) |
| 22:08 | Construir | Farm |
| 22:09 | Construir | Stable |
| 22:13 | Construir | Stable |
| 22:15 | Investigar | Horse Collar |
| 22:31 | Investigar | Bloodlines |
| 22:37 | Construir | Farm |
| 22:38 | Construir | Farm |
| 22:39 | Construir | Farm |
| 22:41 | Crear | Villager (Male) |
| 23:05 | Construir | Farm |
| 23:28 | Investigar | Scale Barding Armor |
| 23:30 | Construir | Farm |
| 23:46 | Crear | Villager (Male) |
| 24:02 | Edad | Edad de los Castillos |
| 24:04 | Crear | Knight |
| 24:04 | Crear | Knight |
| 24:05 | Crear | Knight |
| 24:16 | Crear | Villager (Male) |
| 24:18 | Construir | Farm |
| 24:22 | Crear | Villager (Male) |
| 24:22 | Crear | Villager (Male) |
| 24:44 | Crear | Villager (Male) |
| 24:52 | Construir | Siege Workshop |
| 24:59 | Construir | Farm |
| 25:00 | Crear | Villager (Male) |
| 25:01 | Construir | Farm |
| 25:10 | Crear | Knight |
| 25:10 | Crear | Knight |
| 25:25 | Investigar | Chain Barding Armor |
| 25:46 | Crear | Villager (Male) |
| 25:46 | Crear | Villager (Male) |
| 25:48 | Construir | Farm |
| 25:49 | Construir | Farm |
| 25:59 | Crear | Villager (Male) |
| 26:00 | Crear | Battering Ram |
| 26:06 | Crear | Villager (Male) |
| 26:06 | Crear | Villager (Male) |
| 26:12 | Crear | Villager (Male) |
| 26:27 | Construir | Mining Camp |
| 26:28 | Crear | Villager (Male) |
| 26:32 | Crear | Knight |
| 26:33 | Crear | Knight |
| 26:38 | Crear | Villager (Male) |
| 26:40 | Construir | Farm |
| 27:04 | Crear | Battering Ram |
| 27:10 | Investigar | Light Cavalry (upgrade) |
| 27:20 | Crear | Archer |
| 27:26 | Crear | Villager (Male) |
| 27:27 | Crear | Villager (Male) |
Cronología de la partida
| 3:31 | Moneimon · wall_segment Palisade Wall x1 |
| 10:15 | Moneimon · first_building Barracks |
| 10:18 | Moneimon · wall_segment Palisade Wall x1 |
| 11:41 | Moneimon · age_up feudal |
| 11:44 | Moneimon · first_building Stable |
| 12:06 | Moneimon · first_building Archery Range |
| 12:29 | Hansdampf · first_building Barracks |
| 14:22 | Hansdampf · age_up feudal |
| 14:33 | Hansdampf · wall_segment Palisade Wall x1 |
| 14:37 | Hansdampf · wall_segment Palisade Wall x1 |
| 14:39 | Hansdampf · wall_segment Palisade Wall x1 |
| 14:39 | Hansdampf · wall_segment Palisade Wall x1 |
| 15:20 | Hansdampf · first_building Archery Range |
| 15:27 | Hansdampf · wall_segment Palisade Wall x1 |
| 15:28 | Hansdampf · wall_segment Palisade Wall x1 |
| 15:31 | Hansdampf · wall_segment Palisade Wall x1 |
| 15:34 | Hansdampf · wall_segment Palisade Wall x1 |
| 15:38 | Hansdampf · wall_segment Palisade Wall x1 |
| 15:49 | Hansdampf · wall_segment Palisade Wall x1 |
| 15:52 | Hansdampf · wall_segment Palisade Wall x1 |
| 15:54 | Hansdampf · wall_segment Palisade Wall x1 |
| 15:55 | Hansdampf · wall_segment Palisade Wall x1 |
| 16:01 | Hansdampf · wall_segment Palisade Wall x1 |
| 16:02 | Hansdampf · wall_segment Palisade Wall x1 |
| 16:14 | Hansdampf · wall_segment Palisade Wall x1 |
| 16:14 | Hansdampf · wall_segment Palisade Wall x1 |
| 16:15 | Hansdampf · wall_segment Palisade Wall x1 |
| 19:27 | Hansdampf · age_up castle |
| 19:47 | Moneimon · first_market_buy 100 food |
| 19:55 | Hansdampf · first_market_sell 100 wood |
| 20:08 | Hansdampf · first_market_buy 100 stone |
| 24:02 | Moneimon · age_up castle |
| 24:48 | Hansdampf · first_building Monastery |
| 24:52 | Moneimon · first_building Siege Workshop |
| 25:20 | Moneimon · first_market_sell 100 wood |
| 27:50 | Hansdampf · first_building Stable |
| 31:56 | Moneimon · first_building Monastery |
| 32:28 | Hansdampf · resign |
[ ANÁLISIS IA · 1 CRÉDITO ]
¿Qué pasó realmente en esta partida?
Wolo.gg analiza cada decisión: build order, eco, micro, errores típicos por bracket. Análisis personalizado por WhatsApp o Discord en 30 segundos.
Guía civ
Vietnamitas
Perfil
Hansdampf